 Dungeon Crawl Stone Soup version 0.27-a0-1081-ge8a0a9c698 (webtiles) character file.

Game seed: 4379371339089303802

21 marklar909 the Sneak (level 2, -2/25 HPs)
             Began as a Palentonga Delver on Apr 25, 2021.
             Slain by a white imp (3 damage)
             ... on level 3 of the Dungeon.
             The game lasted 00:01:12 (426 turns).

marklar909 the Sneak (Palentonga Delver)             Turns: 426, Time: 00:01:12

Health: -2/25      AC:  8    Str: 15    XL:     2   Next: 62%
Magic:  2/2        EV:  7    Int: 14    God:
Gold:   48         SH:  0    Dex: 11    Spells: 1/1 levels left

rFire    . . .     SeeInvis +   a - +0 mace
rCold    + . .     Faith    .   (no shield)
rNeg     . . .     Spirit   .   h - +2 scale mail of Veshudut {rC+ Int+4}
rPois    .         Reflect  .   (no helmet)
rElec    .         Harm     .   (no cloak)
rCorr    .         Rampage  .   (no gloves)
Will     .....                  (no barding)
Stlth    +.........             (no amulet)
HPRegen  0.08/turn              (no ring)
MPRegen  0.08/turn              (no ring)

@: hasted, very quick
A: large, rugged brown scales 3, see invisible, deformed body, roll 1, armoured
tail
a: Rolling Charge


You were on level 3 of the Dungeon.
You visited 1 branch of the dungeon, and saw 3 of its levels.

You collected 48 gold pieces.

Inventory:

Hand Weapons
 a - a +0 mace (weapon)
Armour
 b - a +0 leather armour
 h - the +2 scale mail of Veshudut (worn) {rC+ Int+4}
   (You found it on level 5 of the Dungeon)

   It affects your intelligence (+4).
   It protects you from cold.
Jewellery
 i - an amulet of the acrobat
Wands
 g - a wand of digging (3)
Scrolls
 c - a scroll of fog
 d - a scroll of magic mapping
 e - a scroll of fear
Potions
 j - a potion of curing {unknown}


   Skills:
 + Level 3.2 Fighting
 + Level 2.0 Maces & Flails
 + Level 1.6 Dodging
 + Level 3.7 Stealth


You had one spell level left.
You didn't know any spells.
Your spell library was empty.

Dungeon Overview and Level Annotations

Branches:
Dungeon (5/15)             Temple (0/1) D:4

Altars:
The Shining One


Innate Abilities, Weirdness & Mutations

You are completely covered in rugged brown scales. (AC +3, +7% HP)
You have supernaturally acute eyesight. (SInv)
Armour fits poorly on your strangely shaped body.
You can roll at nearby foes to attack.
You have a long armoured tail.


Message History

You barely miss the white imp. The white imp gestures at you.
The puff of frost hits you. You resist.
You hit the white imp.
The white imp is moderately wounded.
The white imp gestures at you. The puff of frost hits you. You resist.
Your scale mail of Veshudut prevents you from hitting the white imp.
The white imp is moderately wounded.
The white imp barely misses you. The white imp gestures at you.
The puff of frost hits you. You resist.
You barely miss the white imp.
The white imp is moderately wounded.
The white imp hits you. The white imp freezes you. You resist.
* * * LOW HITPOINT WARNING * * *
You hit the white imp but do no damage.
The white imp is moderately wounded.
The white imp gestures at you. The puff of frost hits you. You resist.
* * * LOW HITPOINT WARNING * * *
You feel yourself speed up.
The white imp hits you but does no damage.
You closely miss the white imp.
The white imp is moderately wounded.
The white imp gestures at you. The puff of frost hits you. You resist.
* * * LOW HITPOINT WARNING * * *
You hit the white imp. You tail-slap the white imp.
The white imp is almost dead.
The white imp gestures at you. The puff of frost hits you. You resist.
* * * LOW HITPOINT WARNING * * *
You closely miss the white imp.
The white imp is almost dead.
The white imp completely misses you.
You hit the white imp but do no damage.
The white imp is almost dead.
The white imp hits you.
You die...

#.....).......#
..##.............#
.................#
#####............#
##...........# #.
#....######## #.#
#..#.# ...
####....#######
#.###Z5@...........
###...#.###..(.......
.........##.)........
.............>.......
#..##.#†.....#.......
.# ###......#.......
... ##......#.......
Z....#.......#.......
.._....$.....# .....


You could see a white imp and a goblin zombie.

Vanquished Creatures
  An adder (D:4)
  A dart slug (D:4)
  2 endoplasms
  2 kobolds
  A frilled lizard (D:3)
  A hobgoblin zombie (D:3)
  A kobold skeleton (D:3)
  A kobold zombie (D:3)
  A rat (D:3)
11 creatures vanquished.

Notes
Turn   | Place    | Note
-------+----------+-------------------------------------------
     0 | D:5      | marklar909 the Palentonga Delver began the quest for the
                  | Orb.
     0 | D:5      | Reached XP level 1. HP: 19/19 MP: 1/1
     5 | D:5      | Identified the +2 scale mail of Veshudut {rC+ Int+4}
    21 | D:5      | Noticed a scorpion
    31 | D:4      | Reached XP level 2. HP: 25/25 MP: 2/2
    88 | D:4      | Found a staircase to the Ecumenical Temple.
   396 | D:3      | Found a glowing golden altar of the Shining One.
   424 | D:3      | HP: 1/25 [white imp/puff of frost (1)]
   426 | D:3      | Slain by a white imp

Illustrated notes

Levels and vault maps discovered:
D:3:      layout_basic, nicolae_tso_besieged_by_evil
D:4:      layout_loops_corners, minmay_temple_entry_statues
D:5:      layout_rooms, amethyst_overflow_temple_binary

Action                   || total
-------------------------++-------
Melee: Mace              ||    45
       Tailslap          ||     5
  Use: Potion            ||     1
Armor: Scale mail        ||    23
Dodge: Dodged            ||    14

Table legend: (Time is in decaauts)
 A = Elapsed time spent in this place.
 B = Non-inter-level travel time spent in this place.
 C = Inter-level travel time spent in this place.
 D = Time resting spent in this place.
 E = Time spent auto-exploring this place.
 F = Levels seen in this place.
 G = Mean time per level.
                   A        B        C        D        E       F      G
               +--------+--------+--------+--------+--------+-----+--------+
         Total |    437 |    429 |      8 |      0 |    257 |   3 |  145.7 |
       Dungeon |    437 |    429 |      8 |      0 |    257 |   3 |  145.7 |
               +--------+--------+--------+--------+--------+-----+--------+

Top non-repeatable levels by time:
     D:4: 232 daAuts
     D:3: 181 daAuts
     D:5: 24 daAuts
